 Dungeon Crawl Stone Soup version 0.23-a0-310-gdcc7a32 (webtiles) character file.

1190 namelastname112 the Chopper (level 8, -1/69 HPs)
             Began as a Purple Draconian Wanderer on Oct 12, 2018.
             Slain by NorthaanB's ghost (7 damage)
             ... on level 6 of the Dungeon.
             The game lasted 00:09:31 (5604 turns).

namelastname112 the Chopper (DrWn)                  Turns: 5604, Time: 00:09:32

Health: -1/69      AC:  6    Str: 15    XL:     8   Next: 19%
Magic:  15/15      EV: 14    Int: 12    God:
Gold:   315        SH:  0    Dex: 13    Spells: 16/16 levels left

rFire    . . .     SeeInvis .   t - +1 hand axe (elec)
rCold    . . .     Gourm    .   (no shield)
rNeg     . . .     Faith    .   (armour unavailable)
rPois    .         Spirit   .   (helmet restricted)
rElec    .         Reflect  .   (no cloak)
rCorr    .         Harm     +   (no gloves)
MR       +....                  (no boots)
Stlth    +.........             n - amulet of harm
HPRegen  0.21/turn              (no ring)
MPRegen  0.14/turn              (no ring)

@: short of breath
A: breathe power, unfitting armour, cold-blooded, AC +6
a: Breathe Dispelling Energy


You were on level 6 of the Dungeon.
You were hungry.

You visited 1 branch of the dungeon, and saw 6 of its levels.

You collected 315 gold pieces.

Inventory:

Hand Weapons
 r - a +4 hand axe of chopping
 t - a +1 hand axe of electrocution (weapon)
Missiles
 m - a throwing net (quivered)
Jewellery
 n - an amulet of harm (around neck)
Wands
 w - a wand of random effects (4)
Scrolls
 c - 5 scrolls of amnesia {unknown}
 d - 3 scrolls of enchant armour {unknown}
 h - 10 scrolls of identify {unknown}
 i - 4 scrolls of remove curse {unknown}
 k - 2 scrolls of fog {unknown}
 l - 2 scrolls of noise {unknown}
 o - 2 scrolls of teleportation {unknown}
 p - 5 scrolls of enchant weapon {unknown}
 q - a scroll of blinking {unknown}
 s - a scroll of fear {unknown}
 v - a scroll of magic mapping {unknown}
Potions
 b - 4 potions of curing
 e - 2 potions of flight {unknown}
 g - a potion of heal wounds {unknown}
 j - 3 potions of agility {unknown}
 u - 2 potions of brilliance {unknown}
Miscellaneous
 a - a fan of gales (inert)
Comestibles
 f - 12 rations
 x - 4 chunks of flesh


   Skills:
 + Level 5.6 Fighting
 * Level 6.1 Axes
 + Level 4.6 Dodging
   Level 1.0 Shields
 - Level 4.8 Spellcasting
   Level 2.0 Conjurations
   Level 2.0 Ice Magic
 - Level 1.1 Evocations


You had 16 spell levels left.
You didn't know any spells.
Your spell library contained the following spells:

 Spells                   Type           Power        Failure   Level  Hunger
 Throw Frost              Conj/Ice       #.....       14%         2    ##.....
 Ensorcelled Hibernation  Hex/Ice        #.....       21%         2    ##.....
 Corpse Rot               Necr           N/A          30%         2    ##.....
 Sublimation of Blood     Necr           #.........   30%         2    ##.....


Dungeon Overview and Level Annotations

Branches:
Dungeon (6/15)
 Temple: D:4-7

Altars:
Cheibriados
Makhleb
Ru
Trog

Annotations:
D:6 NorthaanB's ghost, novice DsFi


Innate Abilities, Weirdness & Mutations

You can breathe bolts of dispelling energy.
Your rich purple scales are hard. (AC +6)
You cannot fit into any form of body armour.
You are cold-blooded and may be slowed by cold attacks.


Message History

The floor.
Unknown command.
NorthaanB's ghost hits you!
* * * LOW HITPOINT WARNING * * *
You take 12 damage, and have 4/69 hp.
You closely miss NorthaanB's ghost.
You tail-slap NorthaanB's ghost, but do no damage.
NorthaanB's ghost is almost destroyed.
NorthaanB's ghost misses you.
You barely miss NorthaanB's ghost.
You tail-slap NorthaanB's ghost, but do no damage.
NorthaanB's ghost is almost destroyed.
NorthaanB's ghost whispers, "There is no future for you."
NorthaanB's ghost barely misses you.
You closely miss NorthaanB's ghost.
Your tail-slap misses NorthaanB's ghost.
NorthaanB's ghost is almost destroyed.
NorthaanB's ghost shouts, "Do you think the gods will protect you?"
NorthaanB's ghost hits you.
You die...

#...# #..## #..... # ##..# #.##
#..... ##.# ##.# #.########....†
.? ######.###.#...........† .
#............#####....#.
###.............####.####.
#..........####......####. #
##..........###............ #
#..#.....W@.##..#.......... ###
###..#.#.#####...##..........
..###.>......#####.####..........
#.....#.....##.....# #..........
#..........#...########..........
....#..##'##.########............
.......#≈≈≈#)####.....#..........
....####≈≈≈#)÷....#####..........
....# #≈≈≈##..#### ##..........


You could see NorthaanB's ghost.

Vanquished Creatures
  Eustachio (D:5)
  A black bear (D:6)
  2 phantoms (D:5)
  An ogre (D:6)
  A centaur (D:5)
  2 bullfrogs (D:6)
  A howler monkey (D:5)
  A crimson imp (D:6)
  A bullfrog zombie (D:6)
  2 hounds
  An orc priest (D:5)
  2 iguanas
  A hound skeleton (D:5)
  4 gnolls (D:6)
  A howler monkey skeleton (D:5)
  2 adders
  5 oozes
  An adder zombie (D:6)
  4 worms
  3 dart slugs
  4 leopard geckos
  20 orcs
  A ball python (D:1)
  7 giant cockroaches
  10 hobgoblins
  13 jackals
  10 kobolds
  2 quokkas
  7 bats
  9 frilled lizards
  6 goblins
  7 rats
133 creatures vanquished.

Notes
Turn   | Place    | Note
-------+----------+-------------------------------------------
     0 | D:1      | namelastname112 the Draconian Wanderer began the quest for
                  | the Orb.
     0 | D:1      | namelastname112 set off with: a fan of gales, a +0 club, a
                  | ration
     0 | D:1      | Reached XP level 1. HP: 14/14 MP: 5/5
   124 | D:1      | Reached skill level 1 in Fighting
   124 | D:1      | Reached skill level 1 in Dodging
   124 | D:1      | Reached XP level 2. HP: 16/23 MP: 7/7
   570 | D:1      | Reached XP level 3. HP: 15/29 MP: 8/8
  1638 | D:2      | Reached XP level 4. HP: 33/37 MP: 10/10
  2135 | D:3      | Found a bloodstained altar of Trog.
  2174 | D:3      | Found a burning altar of Makhleb.
  2273 | D:3      | Reached skill level 1 in Axes
  2453 | D:3      | Found a snail-covered altar of Cheibriados.
  2453 | D:3      | Found a sacrificial altar of Ru.
  2808 | D:4      | Reached XP level 5. HP: 44/45 MP: 11/11
  2813 | D:4      | Reached skill level 2 in Axes
  3537 | D:5      | Entered Level 5 of the Dungeon
  3607 | D:5      | Noticed a centaur
  3618 | D:5      | Killed a centaur
  3618 | D:5      | Reached skill level 3 in Axes
  3618 | D:5      | Reached XP level 6. HP: 18/52 MP: 12/12
  3940 | D:5      | Reached skill level 4 in Axes
  3940 | D:5      | Your scales start taking on a rich purple colour.
  3940 | D:5      | Reached XP level 7. HP: 19/60 MP: 14/14
  4468 | D:5      | Noticed Eustachio
  4485 | D:5      | Killed Eustachio
  4507 | D:5      | Reached skill level 5 in Axes
  5005 | D:6      | Reached skill level 5 in Fighting
  5048 | D:6      | Found a sacrificial altar of Ru.
  5056 | D:6      | Reached XP level 8. HP: 68/68 MP: 15/15
  5069 | D:6      | Found a runed door.
  5070 | D:6      | Noticed NorthaanB's ghost (novice DsFi)
  5091 | D:6      | Reached skill level 6 in Axes
  5322 | D:6      | Found a runed door.
  5604 | D:6      | Slain by NorthaanB's ghost

Vault maps used:
D:1:      dpeg_arrival_shrine, serial_bayou_lake_a
D:2:      first_ration
D:3:      gammafunk_temple_overflow_elements, makhleb_altar_promises_db,
          old_standard_altar, serial_bayou, serial_bayou_pond_b,
          serial_bayou_pond_c, serial_bayou_ford_a
D:5:      uniq_eustachio
D:6:      ebering_ghost_sewer_f, basic_altar

Skill      XL: |  1  2  3  4  5  6  7  8 |
---------------+-------------------------+-----
Fighting       | 1 2 3 4 5 |  5.6
Dodging        | 1 2 3 4 |  4.6
Axes           | 1 3 4 5 6 |  6.1
Shields        | |  1.0
Spellcasting   | |  4.8
Conjurations   | |  2.0
Ice Magic      | |  2.0
Evocations     | |  1.1

Action                   |  1- 3 |  4- 6 |  7- 9 || total
-------------------------+-------+-------+-------++-------
Melee: Dagger            |   224 |     7 |       ||   231
       Club              |     9 |       |       ||     9
       Tailslap          |    30 |    18 |    14 ||    62
       Hand axe          |       |   154 |   111 ||   265
 Abil: Breathe Dispellin |       |       |     2 ||     2
Evoke: Wand              |       |       |     2 ||     2
       Fan of gales      |       |       |     1 ||     1
  Use: Potion            |       |     2 |     1 ||     3
 Stab: Sleeping          |     1 |       |     1 ||     2
  Eat: Chunk             |     2 |     8 |     2 ||    12
       Ration            |       |       |     1 ||     1
Armor: Skin              |    94 |    32 |    26 ||   152
Dodge: Dodged            |   179 |    97 |    82 ||   358

Table legend:
 A = Non-vault XP
 B = Vault XP
 C = Vault XP percentage of total XP
 D = Non-vault monster count
 E = Vault monster count
 F = Vault count percentage of total count
                 A         B        C        D         E       F
            +---------+---------+-------+---------+---------+-------
      Total |    1296 |     404 |  23.8 |     122 |      11 |   8.3
            +---------+---------+-------+---------+---------+-------
        D:1 |      69 |       0 |   0.0 |      34 |       0 |   0.0
        D:2 |      37 |       0 |   0.0 |      15 |       0 |   0.0
        D:3 |      63 |      21 |  25.0 |      27 |       5 |  15.6
        D:4 |     110 |       0 |   0.0 |      12 |       0 |   0.0
        D:5 |     586 |     188 |  24.3 |      18 |       1 |   5.3
        D:6 |     431 |     195 |  31.2 |      16 |       5 |  23.8
            +---------+---------+-------+---------+---------+-------
